 Dungeon Crawl Stone Soup version 0.31-a0-986-g5e6e4ef867 (webtiles) character file.

Game seed: 3125500754206126369

37 horus123 the Magician (level 3, -5/26 HPs)
             Began as a Demigod Earth Elementalist on Nov 6, 2023.
             Slain by Terence
             ... wielding a +2 trident of protection
              (9 damage)
             ... on level 2 of the Dungeon.
             The game lasted 00:02:29 (1336 turns).

horus123 the Magician (Demigod Earth Elementalist)  Turns: 1336, Time: 00:02:30

Health: -5/26      AC:  3    Str:  9    XL:     3   Next: 8%
Magic:  1/10       EV: 12    Int: 21    God:
Gold:   102        SH:  0    Dex: 14    Spells: 7/8 levels left

rFire   . . .        m - +2 dagger (freeze)
rCold   . . .        (no shield)
rNeg    . . .        a - +0 robe
rPois   .            (no helmet)
rElec   .            (no cloak)
rCorr   .            e - +0 pair of gloves
SInv    .            (no boots)
Will    .....        (no amulet)
Stlth   ++           (no ring)
HPRegen 0.24/turn    (no ring)
MPRegen 0.12/turn

%: no passive effects
@: no status effects
A: high MP 1, forlorn, divine attributes
a: no special abilities


You were on level 2 of the Dungeon.
You visited 1 branch of the dungeon, and saw 2 of its levels.

You collected 102 gold pieces.

Inventory:

Hand Weapons
 m - a +2 dagger of freezing (weapon)
Armour
 a - a +0 robe (worn)
 e - a +0 pair of gloves (worn)
Scrolls
 d - a scroll of revelation {unknown}
 f - 5 scrolls of identify {unknown}
 g - a scroll of teleportation {unknown}
 i - a scroll of amnesia {unknown}
 j - 3 scrolls of immolation {unknown}
 k - a scroll of torment {unknown}
 n - a scroll of enchant armour {unknown}
Potions
 b - 2 potions of curing {unknown}
 c - 3 potions of attraction {unknown}
 h - a potion of lignification {unknown}
 l - 2 potions of mutation {unknown}


   Skills:
 - Level 1.7 Dodging
 - Level 1.7 Stealth
 - Level 3.0 Spellcasting
 - Level 0.8 Transmutations
 + Level 3.0 Earth Magic


You had 7 spell levels left.
You knew the following spells:

 Your Spells              Type           Power      Damage    Failure   Level
a - Sandblast             Erth           30%        2d9       3%          1

Your spell library contained the following spells:

 Spells                   Type           Power      Damage    Failure   Level
 Passwall                 Tmut/Erth      9%         N/A       9%          2
 Stone Arrow              Conj/Erth      18%        3d8       22%         3
 Ignite Poison            Fire/Tmut/Pois 4%         N/A       34%         3
 Petrify                  Tmut/Erth      11%        N/A       52%         4
 Brom's Barrelling Bould  Conj/Erth      9%         2d3       56%         4
 Sticky Flame             Conj/Fire      3%         2d3       78%         4
 Ignition                 Fire           1%         3d3       100%        8


Dungeon Overview and Level Annotations

Branches:
Dungeon (2/15)

Shops:
D:2 :

Annotations:
D:2 Terence


Innate Abilities, Weirdness & Mutations

You have an increased reservoir of magic. (+10% MP)
You shall have no god before yourself.
Your divine heritage dramatically boosts your attributes as you level up.


Message History

The blast of sand hits Terence but does no damage.
Terence is moderately wounded.
Terence barely misses you. Terence hits you but does no damage.
Aiming: Sandblast (safe; 3% risk of failure)
Press: ? - help, Q - select action Shift-Dir - straight line, f/p - Terence
Aim: Terence, wielding a +2 trident of protection and wearing a +0 scale mail (moderately wounded, 84% to hit)
The blast of sand hits Terence but does no damage.
Terence is moderately wounded.
Terence hits you from afar with a +2 trident of protection.
Aiming: Sandblast (safe; 3% risk of failure)
Press: ? - help, Q - select action Shift-Dir - straight line, f/p - Terence
Aim: Terence, wielding a +2 trident of protection and wearing a +0 scale mail (moderately wounded, 84% to hit)
The blast of sand hits Terence.
Terence is moderately wounded.
Terence barely misses you. Terence says, "How do you enjoy it?"
Terence hits you from afar with a +2 trident of protection.
Aiming: Sandblast (safe; 3% risk of failure)
Press: ? - help, Q - select action Shift-Dir - straight line, f/p - Terence
Aim: Terence, wielding a +2 trident of protection and wearing a +0 scale mail (moderately wounded, 84% to hit)
The blast of sand hits Terence.
Terence is heavily wounded.
Terence hits you from afar with a +2 trident of protection!
* * * LOW HITPOINT WARNING * * *
Aiming: Sandblast (safe; 3% risk of failure)
Press: ? - help, Q - select action Shift-Dir - straight line, f/p - Terence
Aim: Terence, wielding a +2 trident of protection and wearing a +0 scale mail (heavily wounded, 84% to hit)
The blast of sand hits Terence.
Terence is severely wounded.
Terence closely misses you.
A kobold comes into view. It is wielding a +0 mace.
Terence barely misses you.
Aiming: Sandblast (safe; 3% risk of failure)
Press: ? - help, Q - select action Shift-Dir - straight line, f/p - Terence
Aim: Terence, wielding a +2 trident of protection and wearing a +0 scale mail (severely wounded, 84% to hit)
The blast of sand hits Terence.
Terence is almost dead.
The kobold shouts!
Terence hits you from afar with a +2 trident of protection!
You die...

#.#.......#
#.#.#.#####
#.#.#...# #.#.###.#
#.#.# #)#
.#.####.#.###.#
..............#
#..########.#.#####
#..K.@.@$...#.#
#.###########.# ..#
#.# ###


You could see Terence and a kobold.

Vanquished Creatures
  3 dart slugs
  4 bats
  An endoplasm (D:1)
  2 giant cockroaches (D:1)
  4 goblins (D:2)
  6 hobgoblins
  2 kobolds (D:1)
  A quokka (D:2)
  3 ball pythons
  2 frilled lizards (D:1)
28 creatures vanquished.

Notes
Turn   | Place    | Note
-------+----------+-------------------------------------------
     0 | D:1      | horus123 the Demigod Earth Elementalist began the quest for
                  | the Orb.
     0 | D:1      | Reached XP level 1. HP: 14/14 MP: 5/5
   269 | D:1      | Reached XP level 2. HP: 6/20 MP: 2/8
  1125 | D:2      | Found Ziuvonn's Book Boutique.
  1187 | D:2      | Reached XP level 3. HP: 26/26 MP: 8/10
  1324 | D:2      | Noticed Terence
  1336 | D:2      | Slain by Terence

Illustrated notes

Levels and vault maps discovered:
D:1:      psy_arrival_whirlpool, layout_rooms, minmay_hexomino_f4
D:2:      layout_basic, serial_shops, nicolae_lakefront_shop, uniq_natasha,
          uniq_terence, uniq_jessica, uniq_sigmund

Skill      XL: |  1  2  3 |
---------------+----------+-----
Spellcasting   | 2 3 |  3.0
Earth Magic    | 3 |  3.0
Dodging        | |  1.7
Stealth        | |  1.7
Transmutations | |  0.8

Action                     || total
---------------------------++-------
   Cast: Sandblast         ||    59
    Use: Potion            ||     1
 Armour: Robe              ||    41
  Dodge: Dodged            ||    28

Table legend: (Time is in decaauts)
 A = Elapsed time spent in this place.
 B = Non-inter-level travel time spent in this place.
 C = Inter-level travel time spent in this place.
 D = Time resting spent in this place.
 E = Time spent auto-exploring this place.
 F = Levels seen in this place.
 G = Mean time per level.
                   A        B        C        D        E       F      G
               +--------+--------+--------+--------+--------+-----+--------+
         Total |   1366 |   1354 |     12 |     79 |   1058 |   2 |  683.0 |
       Dungeon |   1366 |   1354 |     12 |     79 |   1058 |   2 |  683.0 |
               +--------+--------+--------+--------+--------+-----+--------+

Top non-repeatable levels by time:
     D:1: 705 daAuts
     D:2: 660 daAuts
